 Dungeon Sprint DCSS version 0.30.1-11-g7821555f0a (webtiles) character file.

Game seed: 16141473203627547946

2699 Groucho the Unseen (level 9, -2/45 HPs)
             Began as a Gargoyle Enchanter on Nov 9, 2023.
             Was a Believer of Dithmenos.
             Slain by an unseen horror (5 damage)
             ... in the Dungeon (Sprint I: "Red Sonja").
             The game lasted 00:04:03 (1133 turns).

Groucho the Unseen (Gargoyle Enchanter)             Turns: 1133, Time: 00:04:04

Health: -2/45      AC: 11    Str: 12    XL:     9   Next: 65%
Magic:  15/19      EV: 14    Int: 18    God:    Dithmenos [**....]
Gold:   385        SH:  0    Dex: 12    Spells: 13/21 levels left

rFire   . . .        a - +1 dagger
rCold   . . .        (no shield)
rNeg    + . .        b - +0 robe
rPois   ∞            (no helmet)
rElec   +            (no cloak)
rCorr   .            e - +0 pair of gloves
SInv    .            m - +1 pair of boots
Will    .....        k - amulet of regeneration
Stlth   +++++++++    (no ring)
HPRegen 1.07/turn    (no ring)
MPRegen 0.16/turn

%: no teleportation
@: wreathed by umbra
A: sickness immunity, AC +6, negative energy resistance 1, electricity
resistance, torment resistance 1, petrification resistance
a: Renounce Religion, Shadow Step


You were in the Dungeon.
You worshipped Dithmenos.
Dithmenos was pleased with you.
You visited 1 branch You collected 580 gold pieces.
You spent 195 gold pieces at shops.

Inventory:

Hand Weapons
 a - a +1 dagger (weapon)
Armour
 b - a +0 robe (worn)
 e - a +0 pair of gloves (worn)
 m - a +1 pair of boots (worn)
Jewellery
 k - an amulet of regeneration (around neck)
Scrolls
 c - a scroll of magic mapping {unknown}
 l - a scroll of fear {unknown}
Potions
 f - a potion of haste
 g - a potion of magic
 h - a potion of berserk rage
 j - a potion of brilliance {unknown}


   Skills:
 + Level 6.3 Short Blades
 + Level 6.0 Dodging
 - Level 18.3 Stealth
 + Level 6.7 Spellcasting
 * Level 9.3 Hexes


You had 13 spell levels left.
You knew the following spells:

 Your Spells              Type           Power      Damage    Failure   Level
a - Ensorcelled Hibernat  Hex/Ice        44%        N/A       2%          2
b - Confusing Touch       Hex            39%        N/A       1%          3
c - Dazzling Flash        Conj/Hex       44%        N/A       4%          3

Your spell library contained the following spells:

 Spells                   Type           Power      Damage    Failure   Level
 Tukima's Dance           Hex            39%        N/A       1%          3


Dungeon Overview and Level Annotations

Branches:
Dungeon (1/1)

Altars:
Cheibriados
Dithmenos
Elyvilon
Fedhas
Gozag
Hepliaklqana
Kikubaaqudgha
Makhleb
Nemelex Xobeh
Okawaru
Qazlal
Ru
Sif Muna
Trog
Uskayaw
Vehumet
Wu Jian
Xom
Yredelemnul
Zin
The Shining One
Jiyva
Lugonu

Shops:
D *


Innate Abilities, Weirdness & Mutations

You are immune to sickness and miasma.
Your stone body is resilient. (AC +6)
You are immune to poison.
You resist negative energy. (rN+)
You are resistant to electric shocks. (rElec)
You are resistant to unholy torment.
You are immune to petrification.


Message History

You feel better.
Your magical contamination has completely faded away.
You closely miss something. Something completely misses you.
Something hits you but does no damage.
You hit something. Something hits you but does no damage. Something hits you.
You hit something. Something hits you but does no damage. Something hits you!
You closely miss something. Something hits you but does no damage.
You hit something but do no damage. Something barely misses you.
Something hits you but does no damage.
You hit something. Something barely misses you.
Something hits you but does no damage.
You miss something.
Something hits you but does no damage. x2
You barely miss something. Something completely misses you.
Something hits you. x2
You miss something. Something barely misses you.
Something hits you but does no damage.
There is an open door here.
You closely miss something. Something hits you!
* * * LOW HITPOINT WARNING * * *
Something hits you but does no damage.
You see here a redback corpse.
You close the door.
You hit something but do no damage. Something barely misses you.
Something hits you but does no damage. Something hits you.
You barely miss something. Something hits you.
* * * LOW HITPOINT WARNING * * *
You hit something. Something barely misses you.
Something hits you but does no damage.
You hit something but do no damage. Something hits you.
* * * LOW HITPOINT WARNING * * *
Something hits you but does no damage.
You hit something but do no damage. Something hits you.
* * * LOW HITPOINT WARNING * * *
You hit something. Something hits you!
* * * LOW HITPOINT WARNING * * *
Something hits you.
You die...

#...#.####§.####
#..##.#§~~.§#..#
##'#_.§§§§§§§§.#
.÷..._#§§§§§#..#
##_.#'##+#####'###
###+#.# #.'.# #
### ###.# #{#
##########@#
#.......##§#
#{.......+§#
#+++######§#
JJJ..§§#§# #+§#
####


There were no monsters in sight!

Vanquished Creatures
  2 centaur warriors (D)
  An oklob plant (D)
  A hornet (D)
  A slime creature (D)
  Sigmund (D)
  A yak (D)
  2 redbacks (D)
  A floating eye (D)
  An ogre (D)
  A jelly (D)
  Ijyb (D)
13 creatures vanquished.

Notes
Turn   | Place    | Note
-------+----------+-------------------------------------------
     0 | D        | Groucho the Gargoyle Enchanter began the quest for the Orb.
     0 | D        | Reached XP level 1. HP: 10/10 MP: 3/3
     3 | D        | Noticed Ijyb
    13 | D        | Killed Ijyb
    14 | D        | Reached skill level 7 in Stealth
    14 | D        | Reached XP level 2. HP: 4/15 MP: 5/5
    14 | D        | Reached XP level 3. HP: 5/19 MP: 6/6
    15 | D        | Noticed an ogre
    20 | D        | Killed an ogre
    21 | D        | Reached skill level 11 in Stealth
    21 | D        | Reached XP level 4. HP: 8/24 MP: 7/7
    23 | D        | Noticed Sigmund
    25 | D        | Killed Sigmund
    26 | D        | Reached skill level 14 in Stealth
    26 | D        | Reached XP level 5. HP: 11/28 MP: 8/8
    26 | D        | Reached XP level 6. HP: 13/32 MP: 9/9
   489 | D        | Learned a level 2 spell: Ensorcelled Hibernation
   493 | D        | Learned a level 3 spell: Confusing Touch
   497 | D        | Learned a level 3 spell: Dazzling Flash
   517 | D        | Found a shimmering blue altar of Sif Muna.
   518 | D        | Found an ornate altar of the Wu Jian Council.
   519 | D        | Found a radiant altar of Vehumet.
   524 | D        | Reached skill level 1 in Short Blades
   524 | D        | Reached skill level 15 in Stealth
   563 | D        | Found Enanal's Assorted Antiques.
   563 | D        | Found an ancient bone altar of Kikubaaqudgha.
   563 | D        | Found a hazy altar of Hepliaklqana.
   563 | D        | Found a stormy altar of Qazlal.
   563 | D        | Found a hide-covered altar of Uskayaw.
   563 | D        | Found a blossoming altar of Fedhas.
   563 | D        | Found a bloodstained altar of Trog.
   563 | D        | Found an iron altar of Okawaru.
   563 | D        | Found a basalt altar of Yredelemnul.
   563 | D        | Found a glowing golden altar of the Shining One.
   563 | D        | Found a snail-covered altar of Cheibriados.
   563 | D        | Found a sacrificial altar of Ru.
   563 | D        | Found a glowing silver altar of Zin.
   563 | D        | Found a shadowy altar of Dithmenos.
   563 | D        | Found a white marble altar of Elyvilon.
   563 | D        | Noticed a yak
   571 | D        | Killed a yak
   572 | D        | Reached XP level 7. HP: 28/36 MP: 5/11
   715 | D        | Found an opulent altar of Gozag.
   716 | D        | Found a sparkling altar of Nemelex Xobeh.
   720 | D        | Bought a pair of glowing boots for 195 gold pieces
   729 | D        | Became a worshipper of Dithmenos the Shadowed
   745 | D        | Found a burning altar of Makhleb.
   745 | D        | Found a shimmering altar of Xom.
   745 | D        | Noticed a slime creature
   746 | D        | Found a viscous altar of Jiyva.
   746 | D        | Found a corrupted altar of Lugonu.
   752 | D        | Killed a slime creature
   753 | D        | Reached skill level 5 in Hexes
   974 | D        | Noticed a centaur warrior
   978 | D        | Noticed a centaur warrior
   979 | D        | Killed a centaur warrior
   980 | D        | Reached skill level 16 in Stealth
   980 | D        | Reached skill level 5 in Spellcasting
   980 | D        | Reached XP level 8. HP: 41/41 MP: 12/15
   980 | D        | Killed a centaur warrior
   980 | D        | Reached * piety under Dithmenos
   981 | D        | Reached skill level 5 in Short Blades
   981 | D        | Reached skill level 5 in Dodging
   981 | D        | Reached skill level 17 in Stealth
   981 | D        | Reached XP level 9. HP: 45/45 MP: 12/17
   982 | D        | Noticed a hornet
   985 | D        | Killed a hornet
   988 | D        | Noticed an oklob plant
   990 | D        | Killed an oklob plant
   991 | D        | Reached skill level 18 in Stealth
   996 | D        | Reached ** piety under Dithmenos
  1133 | D        | Slain by an unseen horror

Illustrated notes

Levels and vault maps discovered:
D:        dungeon_sprint_1 [red_sonja_temple_1, red_sonja_temple_small_1]

Skill      XL: |  1  2  3  4  5  6  7  8  9 |
---------------+----------------------------+-----
Stealth        | 7 11 14 15 16 17 18 | 18.3
Short Blades   | 2 4 5 6 |  6.3
Hexes          | 4 7 8 9 |  9.3
Dodging        | 2 4 5 6 |  6.0
Spellcasting   | 3 5 6 |  6.7

Action                     |  1- 3 |  4- 6 |  7- 9 || total
---------------------------+-------+-------+-------++-------
  Melee: Dagger            |    13 |     3 |    30 ||    46
   Cast: Ensorcelled Hiber |       |     6 |     4 ||    10
         Dazzling Flash    |       |       |     1 ||     1
    Use: Potion            |     1 |     1 |     3 ||     5
         Scroll            |       |       |     1 ||     1
   Stab: Sleeping          |     2 |     3 |     8 ||    13
         Invisible         |     2 |       |       ||     2
 Armour: Robe              |       |       |    22 ||    22
  Dodge: Dodged            |     4 |     3 |    10 ||    17
